 Dungeon Crawl Stone Soup version 0.29-a0-362-g5854e031c7 (webtiles) character file.

Game seed: 12898752173194947123

617 Shayle the Sneak (level 7, -4/42 HPs)
             Began as a Tengu Brigand on Apr 29, 2022.
             Was an Initiate of Ashenzari.
             Slain by a gnoll
             ... wielding a +0 flail
              (5 damage)
             ... on level 4 of the Dungeon.
             The game lasted 00:11:33 (4568 turns).

Shayle the Sneak (Tengu Brigand)                    Turns: 4568, Time: 00:11:33

Health: -4/42      AC: 12    Str: 11    XL:     7   Next: 45%
Magic:  11/11      EV:  3    Int: 18    God:    Ashenzari [......]
Gold:   169        SH:  0    Dex: 15    Spells: 11/11 levels left

rFire   . . .      SeeInvis .   m - +9 spear "Imp's Death" {vorpal, rC++ Int+4}
rCold   + + .      Faith    .   (no shield)
rNeg    . . .      Spirit   .   o - +0 plate armour
rPois   +          Reflect  .   (helmet restricted)
rElec   .          Harm     .   c - +0 cloak
rCorr   .          Rampage  .   (no gloves)
Will    .....                   (boots unavailable)
Stlth   ..........              (no amulet)
HPRegen 0.14/turn               B - ring of poison resistance
MPRegen 0.12/turn               (no ring)

@: flying quickly and evasively, quick
A: beak, talons 3, nimble flight
a: Renounce Religion, Curse Item


You were on level 4 of the Dungeon.
You worshipped Ashenzari.
Ashenzari was noncommittal.
You visited 2 branches of the dungeon, and saw 6 of its levels.

You collected 169 gold pieces.

Inventory:

Hand Weapons
 a - a +2 dagger
 f - a +1 spear of venom
 m - the +9 spear "Imp's Death" (weapon) {vorpal, rC++ Int+4}
   (You found it on level 2 of the Dungeon)

   It inflicts extra damage upon your enemies.
   Int:       It affects your intelligence (+4).
   rC:        It greatly protects you from cold.
Missiles
 d - 15 poisoned darts (quivered)
 e - 3 curare-tipped darts
 x - 6 atropa-tipped darts
 z - 2 javelins
Armour
 b - a +0 robe
 c - a +0 cloak (worn)
 o - a +0 plate armour (worn)
 A - a +0 kite shield
Magical Staves
 y - a staff of death
Jewellery
 B - a ring of poison resistance (left hand)
Wands
 s - a wand of charming (6)
 C - a wand of iceblast (13)
Scrolls
 g - a scroll of fog {unknown}
 h - a scroll of identify
 n - a scroll of enchant weapon {unknown}
 p - 2 scrolls of vulnerability {unknown}
 q - 2 scrolls of enchant armour {unknown}
 u - a scroll of holy word {unknown}
 w - 2 scrolls of teleportation {unknown}
Potions
 i - a potion of degeneration
 j - a potion of magic
 k - a potion of ambrosia
 l - a potion of lignification
 t - a potion of mutation {unknown}
 v - 5 potions of curing


   Skills:
 + Level 3.9 Fighting
 - Level 2.7 Short Blades
 + Level 3.1 Polearms
 - Level 2.4 Throwing
 + Level 3.2 Armour
 - Level 1.9 Dodging
 + Level 5.5 Stealth
 + Level 2.5 Spellcasting


You had 11 spell levels left.
You didn't know any spells.
Your spell library contained the following spells:

 Spells                   Type           Power      Damage    Failure   Level
 Slow                     Hex            8%         N/A       100%        1
 Sublimation of Blood     Necr           2%         N/A       100%        2
 Wereblood                Tmut           2%         N/A       100%        2
 Confusing Touch          Hex            2%         N/A       100%        3
 Vampiric Draining        Necr           2%         2d6       100%        3
 Summon Hydra             Summ           1%         N/A       100%        7


Dungeon Overview and Level Annotations

Branches:
Dungeon (5/15)             Temple (1/1) D:4

Altars:
Ashenzari
Cheibriados
Dithmenos
Fedhas
Gozag
Hepliaklqana
Makhleb
Nemelex Xobeh
Okawaru
Qazlal
Ru
Yredelemnul
Zin
The Shining One


Innate Abilities, Weirdness & Mutations

You have a beak for a mouth.
You have claws for feet.
Your magical nature lets you fly swiftly and evasively.


Message History

There is a stone staircase leading down here.
You fly downwards.
The gnoll shouts!
The gnoll hits you with a +0 flail. x2
The gnoll shaman calls upon its god to speed up the gnoll.
The gnoll seems to speed up.
The gnoll hits you with a +0 flail.
There is a stone staircase leading up, spattered with blood here.
Unknown command.
The gnoll shaman invokes the aid of its god against you.
You resist with some effort. The gnoll hits you with a +0 flail!
* * * LOW HITPOINT WARNING * * *
You fly upwards.
There is a stone staircase leading down here.
You closely miss the gnoll. Your kick misses the gnoll.
Your peck misses the gnoll. The gnoll hits you with a +0 flail.
* * * LOW HITPOINT WARNING * * *
The gnoll hits you with a +0 flail!
* * * LOW HITPOINT WARNING * * *
Okay, then.
You feel much better. The gnoll hits you with a +0 flail.
Aiming: Charm
Press: ? - help, Shift-Dir - straight line, f - gnoll
Aim: a gnoll, wielding a +0 flail (fast, chance to affect: 57%)
The gnoll resists with significant effort.
The gnoll hits you with a +0 flail! The gnoll hits you with a +0 flail.
* * * LOW HITPOINT WARNING * * *
Unknown command.
Aiming: Charm
Press: ? - help, Shift-Dir - straight line, f/p - gnoll
Aim: a gnoll, wielding a +0 flail (fast, chance to affect: 57%)
The gnoll resists with significant effort.
The gnoll hits you but does no damage.
Aiming: Charm
Press: ? - help, Shift-Dir - straight line, f/p - gnoll
Aim: a gnoll, wielding a +0 flail (fast, chance to affect: 57%)
The gnoll resists with significant effort.
The gnoll hits you with a +0 flail!
* * * LOW HITPOINT WARNING * * *
The gnoll hits you with a +0 flail.
You die...

.#####.....##.# #.# #<# .#
#.....##)# #.# #.# .# #.....##.#
#.# #.# .# #.....##.# #.# #.#
.#####.....##.# #####.# #.#
..............####...#.# #.#
########.#......[..)...#######.#
#........)..............##
#########@g...............
#.).....########## ##.....##
##...############
###............. #############.
##


You could see a gnoll (fast).

Vanquished Creatures
  An ice beast (D:4)
  A black bear (D:4)
  An ogre (D:5)
  A phantom (D:4)
  A hound (D:4)
  2 iguanas (D:4)
  3 orc wizards (D:4)
  2 gnolls
  3 adders
  2 worms
  2 dart slugs
  9 orcs
  4 endoplasms
  4 giant cockroaches
  4 goblins
  4 hobgoblins
  7 jackals (D:3)
  3 quokkas
  11 ball pythons
  2 bats (D:3)
  2 frilled lizards
  6 kobolds
  4 rats
79 creatures vanquished.

Vanquished Creatures (others)
  2 plants (D:1)
2 creatures vanquished.

Grand Total: 81 creatures vanquished

Notes
Turn   | Place    | Note
-------+----------+-------------------------------------------
     0 | D:1      | Shayle the Tengu Brigand began the quest for the Orb.
     0 | D:1      | Reached XP level 1. HP: 12/12 MP: 2/2
    17 | D:1      | Reached XP level 2. HP: 17/17 MP: 3/3
   595 | D:1      | Reached XP level 3. HP: 21/21 MP: 4/4
   825 | D:1      | Found a faded altar of an unknown god.
  1040 | D:2      | Identified the +1 robe "Pintiata" {Rampage *Slow Will+}
  1258 | D:2      | Identified the +9 spear "Imp's Death" {vorpal, rC++ Int+4}
  2135 | D:3      | Reached XP level 4. HP: 27/27 MP: 5/5
  2546 | D:3      | Reached skill level 1 in Armour
  2652 | D:3      | Reached skill level 1 in Polearms
  2941 | D:4      | Found a staircase to the Ecumenical Temple.
  2952 | Temple   | Entered the Ecumenical Temple
  3071 | Temple   | Became a worshipper of Ashenzari the Shackled
  3403 | D:4      | Reached skill level 1 in Spellcasting
  3403 | D:4      | Gained mutation: Your magical nature lets you fly swiftly
                  | and evasively. [Tengu growth]
  3403 | D:4      | Reached XP level 5. HP: 16/32 MP: 7/7
  3709 | D:4      | Noticed a phantom
  3719 | D:4      | Killed a phantom
  3720 | D:4      | Reached skill level 5 in Stealth
  3720 | D:4      | Reached XP level 6. HP: 22/37 MP: 9/9
  3839 | D:4      | Noticed an ice beast
  3849 | D:4      | Killed an ice beast
  4192 | D:5      | Entered Level 5 of the Dungeon
  4216 | D:5      | Noticed a black bear
  4264 | D:4      | Killed a black bear
  4265 | D:4      | Reached XP level 7. HP: 24/42 MP: 11/11
  4564 | D:4      | HP: 1/42 [gnoll/+0 flail (8)]
  4568 | D:4      | Slain by a gnoll

Illustrated notes

Levels and vault maps discovered:
D:1:      nicolae_arrival_memento_mori, layout_basic,
          shapermc_ecumenical_altar_mp_urbaneastern
D:2:      layout_basic, wad_floor_pattern_untrapped, minmay_misc_feat_tiny,
          columned_hall_lemuel, chequers_mini_garden
D:3:      layout_loops_ring
D:4:      layout_loops_ring, minmay_temple_entry_glass, dk_noncrumbling_3
D:5:      layout_rooms, chequers_hall_statues_corner_a, uniq_ijyb,
          uniq_crazy_yiuf_cottage, uniq_duvessa
Temple:   dpeg_five_rooms_temple

Skill      XL: |  1  2  3  4  5  6  7 |
---------------+----------------------+-----
Armour         | 1 2 3 |  3.2
Polearms       | 1 2 3 |  3.1
Spellcasting   | 1 2 |  2.5
Fighting       | 3 |  3.9
Stealth        | 5 |  5.5
Short Blades   | |  2.7
Throwing       | |  2.4
Dodging        | |  1.9

Action                   |  1- 3 |  4- 6 |  7- 9 || total
-------------------------+-------+-------+-------++-------
Melee: Spear             |    46 |    93 |     7 ||   146
       Dagger            |    11 |       |       ||    11
       Kick              |    13 |    14 |     1 ||    28
       Peck              |     7 |    13 |       ||    20
       Punch             |     1 |       |       ||     1
Throw: Dart              |     1 |     9 |       ||    10
Evoke: Wand              |       |       |     3 ||     3
  Use: Scroll            |       |     6 |       ||     6
       Potion            |       |       |     1 ||     1
 Stab: Sleeping          |     4 |       |       ||     4
Armor: Robe              |     4 |       |       ||     4
       Plate armour      |    13 |    91 |     4 ||   108
Dodge: Dodged            |    19 |    10 |       ||    29

Table legend: (Time is in decaauts)
 A = Elapsed time spent in this place.
 B = Non-inter-level travel time spent in this place.
 C = Inter-level travel time spent in this place.
 D = Time resting spent in this place.
 E = Time spent auto-exploring this place.
 F = Levels seen in this place.
 G = Mean time per level.
                   A        B        C        D        E       F      G
               +--------+--------+--------+--------+--------+-----+--------+
         Total |   4528 |   4342 |    186 |    381 |   3096 |   6 |  754.7 |
       Dungeon |   4332 |   4222 |    110 |    381 |   2994 |   5 |  866.4 |
        Temple |    195 |    119 |     76 |      0 |    102 |   1 |  195.0 |
               +--------+--------+--------+--------+--------+-----+--------+

Top non-repeatable levels by time:
     D:4: 1201 daAuts
     D:2: 1050 daAuts
     D:1: 1034 daAuts
     D:3: 842 daAuts
     D:5: 204 daAuts
  Temple: 195 daAuts
